 Dungeon Crawl Stone Soup version 0.22-a0-409-gb855193 (webtiles) character file.

124 Mgcat the Skirmisher (level 4, -14/38 HPs)
             Began as a Mummy Fighter on May 10, 2018.
             Killed from afar by Sigmund (16 damage)
             ... with a wand of flame (17)
             ... on level 3 of the Dungeon.
             The game lasted 00:05:28 (2548 turns).

Mgcat the Skirmisher (Mummy Fighter)                Turns: 2548, Time: 00:05:29

Health: -14/38     AC:  6    Str: 20    XL:     4   Next: 81%
Magic:  4/4        EV:  6    Int:  7    God:
Gold:   131        SH:  8    Dex: 11    Spells: 3/3 levels left

rFire    x . .     SeeInvis .   a - +0 flail
rCold    + . .     Gourm    .   c - +0 shield
rNeg     + + +     Faith    .   b - +0 scale mail
rPois    ∞         Spirit   .   (no helmet)
rElec    .         Reflect  .   (no cloak)
rCorr    +         Harm     .   (no gloves)
MR       .....                  (no boots)
Stlth    ..........             (no amulet)
HPRegen  0.12/turn              j - ring of resist corrosion
MPRegen  0.09/turn              (no ring)

@: drained
A: no food or potions, fire vulnerability, cold resistance 1, negative energy
resistance 3, torment resistance, unbreathing
a: no special abilities


You were on level 3 of the Dungeon.
You were not hungry.

You visited 1 branch of the dungeon, and saw 3 of its levels.

You collected 131 gold pieces.

Inventory:

Hand Weapons
 a - a +0 flail (weapon)
Armour
 b - a +0 scale mail (worn)
 c - a +0 shield (worn)
Jewellery
 j - a ring of resist corrosion (left hand)
   (You found it on level 2 of the Dungeon)
Scrolls
 d - 2 scrolls of remove curse {unknown}
 e - a scroll of immolation {unknown}
 f - 2 scrolls of identify {unknown}
 g - a scroll of magic mapping {unknown}
 h - 2 scrolls of teleportation {unknown}
 i - a scroll of blinking {unknown}
 k - a scroll of fog {unknown}


   Skills:
 + Level 4.5(3.5) Fighting
 + Level 3.1(2.2) Maces & Flails
 - Level 2.4(1.5) Armour
 - Level 2.4(1.5) Shields


You had 3 spell levels left.
You didn't know any spells.

Dungeon Overview and Level Annotations

Branches:
Dungeon (3/15)

Altars:

Annotations:
D:3 Sigmund


Innate Abilities, Weirdness & Mutations

You do not eat or drink.
Your flesh is vulnerable to fire.
You are immune to poison.
Your flesh is cold resistant. (rC+)
You are immune to negative energy. (rN+++)
You are immune to unholy pain and torment.
You can survive without breathing.


Message History

Done exploring.
Done exploring.
Done exploring.
There is an open door here.
The hobgoblin shouts!
The hobgoblin is too close now for your liking.
You see here a cyan potion.
The hobgoblin hits you with a club.
You completely miss the hobgoblin. The hobgoblin barely misses you.
You barely miss the hobgoblin. You block the hobgoblin's attack.
The hobgoblin hits you but does no damage.
You hit the hobgoblin.
You kill the hobgoblin!
No target in view!
No target in view!
No target in view!
Things that are here:
a club; a hobgoblin corpse Done exploring.
Done exploring.
Done exploring.
There is a large open door here.
There is a large open door here.
The frilled lizard hisses angrily.
You miss the frilled lizard. The frilled lizard barely misses you.
You miss the frilled lizard.
The frilled lizard bites you but does no damage. x2
You miss the frilled lizard.
The frilled lizard bites you but does no damage.
You hit the frilled lizard.
You kill the frilled lizard!
No target in view!
No target in view!
There is an open door here.
There is a stone staircase leading down here.
You climb downwards.
There is a stone staircase leading up here.
You see here a yellow potion.
Found a stone staircase leading down.
You see here a ration.
A giant cockroach comes into view.
The giant cockroach bites you but does no damage.
You block the giant cockroach's attack.
You hit the giant cockroach.
You kill the giant cockroach!
No target in view!
No target in view!
Found a stone staircase leading down.
A frilled lizard comes into view.
The frilled lizard hisses angrily.
You block the frilled lizard's attack.
You miss the frilled lizard.
The frilled lizard bites you but does no damage.
You barely miss the frilled lizard.
The frilled lizard bites you but does no damage.
You hit the frilled lizard.
You kill the frilled lizard!
No target in view!
No target in view!
Found a stone staircase leading up.
Marking area around Sigmund as unsafe for travelling.
Sigmund the Dreaded comes into view.
He is wielding a scythe of venom.
Sigmund shouts!
Sigmund zaps a wand.
The puff of flame hits you! The fire burns you terribly!
It is a wand of flame (19).
Unknown command.
Unknown command.
Unknown command.
Unknown command.
Unknown command.
Unknown command.
You start resting.
Sigmund hits you with a scythe of venom!
You thump Sigmund!
Sigmund is moderately wounded.
Sigmund zaps a wand.
The puff of flame hits you! The fire burns you terribly!
You barely miss Sigmund.
Sigmund is moderately wounded.
Sigmund gestures at you while chanting. The magic dart hits you!
You closely miss Sigmund.
Sigmund is moderately wounded.
Sigmund zaps a wand.
The puff of flame misses you.
Sigmund points at you and mumbles some strange words.
The magic dart hits you!
* * * LOW HITPOINT WARNING * * *
Your shield and scale mail prevent you from hitting Sigmund.
Sigmund is moderately wounded.
You block Sigmund's attack.
You closely miss Sigmund.
Sigmund is moderately wounded.
You block Sigmund's attack.
You hit Sigmund.
Sigmund is moderately wounded.
Sigmund hits you with a scythe of venom.
* * * LOW HITPOINT WARNING * * *
You barely miss Sigmund.
Sigmund is moderately wounded.
Sigmund zaps a wand.
The puff of flame hits you! The fire burns you terribly!
You die...

.................
................#
................##
#................#
...............#.# ####
.................## .....
.............###..###......
.##......###.# #.@..?......
########.###.###@##........
#.......#.###.<..@..
#####.......#....)..
##.....>#.......
#.......^......
##.##.......... #.#
.......... . ... ......#
...).......#


You could see Sigmund.

Vanquished Creatures
  A howler monkey (D:2)
  A hound zombie (D:2)
  3 adders
  4 dart slugs
  4 bats (D:1)
  4 giant cockroaches
  A goblin (D:1)
  4 hobgoblins
  2 jackals (D:1)
  6 frilled lizards
  8 kobolds
  A rat (D:2)
39 creatures vanquished.

Notes
Turn   | Place    | Note
-------+----------+-------------------------------------------
     0 | D:1      | Mgcat the Mummy Fighter began the quest for the Orb.
     0 | D:1      | Reached XP level 1. HP: 18/18 MP: 1/1
   483 | D:1      | Reached XP level 2. HP: 24/24 MP: 2/2
   485 | D:1      | Reached skill level 2 in Maces & Flails
  1141 | D:2      | Reached XP level 3. HP: 13/30 MP: 3/3
  1451 | D:2      | Reached skill level 4 in Fighting
  1611 | D:2      | Reached XP level 4. HP: 29/37 MP: 4/4
  1649 | D:2      | HP: 5/37 [howler monkey (6)]
  1673 | D:1      | HP: 6/37 [adder (2)]
  2016 | D:2      | Reached skill level 3 in Maces & Flails
  2531 | D:3      | Noticed Sigmund
  2544 | D:3      | HP: 7/38 [Sigmund/magic dart (5)]
  2547 | D:3      | HP: 2/38 [Sigmund/scythe of venom (6)]
  2548 | D:3      | Killed from afar by Sigmund

Vault maps used:
D:1:      dpeg_arrival_castle
D:2:      kennysheep_generic_room_6
D:3:      first_ration, nrook_mini_vaults, uniq_sigmund, uniq_jessica

Skill      XL: |  1  2  3  4 |
---------------+-------------+-----
Maces & Flails | 2 3 |  3.1
Fighting       | 4 |  4.5
Armour         | |  2.4
Shields        | |  2.4

Action                   |  1- 3 |  4- 6 || total
-------------------------+-------+-------++-------
Melee: Flail             |   129 |    54 ||   183
Armor: Scale mail        |    60 |    20 ||    80
Dodge: Dodged            |    47 |    17 ||    64
Block: Shield            |    77 |    21 ||    98

Table legend:
 A = Spawn XP
 B = Non-spawn XP
 C = Spawn XP percentage of total XP
 D = Spawn monster count
 E = Non-spawn monster count
 F = Spawn count percentage of total count
 G = Total turns spent on level
                    A         B        C        D         E        F      G
               +---------+---------+-------+---------+---------+-------+---------
         Total |       0 |     178 |   0.0 |       0 |      39 |   0.0 |  2548
               +---------+---------+-------+---------+---------+-------+---------
           D:1 |       0 |      53 |   0.0 |       0 |      23 |   0.0 |  1565
           D:2 |       0 |     122 |   0.0 |       0 |      14 |   0.0 |   907
           D:3 |       0 |       3 |   0.0 |       0 |       2 |   0.0 |    76
               +---------+---------+-------+---------+---------+-------+---------

Vault maps used:
D:1:      dpeg_arrival_castle
D:2:      kennysheep_generic_room_6
D:3:      first_ration, nrook_mini_vaults, uniq_sigmund, uniq_jessica

Table legend:
 A = Turns spent in this place as a percentage of turns spent in the entire game.
 B = Non-inter-level travel turns spent in this place as a percentage of non-inter-level travel turns spent in the entire game.
 C = Inter-level travel turns spent in this place as a percentage of turns spent in this place.
 D = Turns resting spent in this place as a percentage of non-inter-level travel turns spent in this place.
 E = Turns spent auto-exploring this place as a percentage of non-inter-level travel turns spent in this place.
 F = Non-inter-level travel turns spent in this place divided by the number of levels of this place that you've seen.
                   A       B       C       D       E      F
               +-------+-------+-------+-------+-------+----------------------
         Total | 100.0 | 100.0 |   6.5 |  13.9 |  69.6 | 794.0
       Dungeon | 100.0 | 100.0 |   6.5 |  13.9 |  69.6 | 794.0
               +-------+-------+-------+-------+-------+----------------------

Table legend:
 A = Kills in this place as a percentage of kills in entire the game.
 B = Kills by you in this place as a percentage of kills by you in the entire game.
 C = Kills by friends in this place as a percentage of kills by friends in the entire game.
 D = Other kills in this place as a percentage of other kills in the entire game.
 E = Experience gained in this place as a percentage of experience gained in the entire game.
 F = Experience gained in this place divided by the number of levels of this place that you have seen.
                   A       B       C       D       E      F
               +-------+-------+-------+-------+-------+----------------------
         Total | 100.0 | 100.0 |   N/A |   N/A | 100.0 |  59.3
       Dungeon | 100.0 | 100.0 |   N/A |   N/A | 100.0 |  59.3
               +-------+-------+-------+-------+-------+----------------------
